 Dungeon Crawl Stone Soup version 0.20.0 (webtiles) character file.

15333 Baldric the Fighter (level 12, -4/81 HPs)
             Began as a Gargoyle Berserker on July 19, 2017.
             Was an Elder of Trog.
             Slain by a tentacled starspawn (13 damage)
             ... on level 2 of the Abyss on July 20, 2017.
             The game lasted 01:33:20 (9908 turns).

Baldric the Fighter (Gargoyle Berserker)            Turns: 9908, Time: 01:33:21

Health: -4/81      AC: 37    Str: 23    XL:     12   Next: 25%
Magic:  12/12      EV: 13    Int: 10    God:    Trog [****..]
Gold:   505        SH:  0    Dex: 16    Spells: 11/11 levels left

rFire    . . .     SeeInvis +   G - +4 flail
rCold    + + +     Gourm    +   (no shield)
rNeg     + . .     Faith    .   a - +8 chain mail of Edu Xorgh {rElec rC+++ MR- Str+2}
rPois    ∞         Spirit   .   u - +2 helmet
rElec    +         Reflect  .   (no cloak)
rCorr    .         Harm     .   x - +1 pair of gloves
MR       .....                  o - +2 pair of boots
Stlth    ..........             e - amulet of the gourmand
Regen    0.3/turn               J - ring of see invisible
MPRegen  0.2/turn               F - +4 ring of dexterity

@: berserk cooldown, slowed, very slow
A: negative energy resistance 1, electricity resistance, unbreathing,
petrification resistance, rot immunity, AC +8
a: Berserk, Trog's Hand, Brothers in Arms, Burn Spellbooks, Renounce Religion


You were on level 2 of the Abyss.
You worshipped Trog.
Trog was greatly pleased with you.
You were not hungry.

You visited 2 branches of the dungeon, and saw 11 of its levels.
You visited the Abyss 1 time.

You collected 628 gold pieces.
You spent 123 gold pieces at shops.

Inventory:

Hand Weapons
 B - a +2 mace of crushing
 G - a +4 flail (weapon)
 N - a +3 great mace of draining
Armour
 a - the +8 chain mail of Edu Xorgh (worn) {rElec rC+++ MR- Str+2}
   (You found it on level 6 of the Dungeon)

   It affects your strength (+2).
   It renders you almost immune to cold.
   It insulates you from electricity.
   It affects your resistance to hostile enchantments.
 l - a +0 ring mail
 o - a +2 pair of boots (worn)
 u - a +2 helmet (worn)
 x - a +1 pair of gloves (worn)
Jewellery
 c - a cursed amulet of inaccuracy {unknown}
 e - an amulet of the gourmand (around neck)
 g - an uncursed ring of positive energy
 j - an uncursed ring of fire {unknown}
 F - a +4 ring of dexterity (right hand)
 I - an uncursed ring of protection from magic
 J - a ring of see invisible (left hand)
Wands
 b - a wand of lightning (6/15)
 q - a wand of lightning (3/15)
 r - a wand of flame (33/48)
 y - a wand of acid (3/15)
 A - a wand of polymorph (13/24)
 D - a wand of disintegration (4/24)
 E - a wand of flame (5/48)
 M - a wand of clouds (3/9)
Scrolls
 h - 3 scrolls of recharging
 t - 4 scrolls of fear
 v - 5 scrolls of remove curse
 H - a scroll of silence
 K - 2 scrolls of teleportation
Potions
 d - a potion of flight
 f - a potion of haste
 i - a potion of might
 k - 4 potions of curing
 m - a potion of invisibility
 w - 2 potions of agility
 z - a potion of brilliance
 C - 2 potions of mutation
Comestibles
 n - a royal jelly
 p - 3 bread rations
 s - 4 meat rations


   Skills:
 * Level 12.2 Fighting
 + Level 11.0 Maces & Flails
 + Level 9.1 Armour
 * Level 8.1 Dodging
 - Level 1.9 Stealth


You had 11 spell levels left.
You didn't know any spells.

Dungeon Overview and Level Annotations

Branches:
Dungeon (9/15)             Temple (0/1) D:7            Lair (2/6) D:9
  Swamp (0/4) Lair:2
  Snake: Lair:2-4    Spider: Lair:2-4       Orc: D:9-12

Altars:
Ashenzari
Elyvilon
Fedhas
Gozag
Hepliaklqana
Kikubaaqudgha
Makhleb
Qazlal
Ru
Uskayaw
Vehumet
Yredelemnul
Zin
The Shining One

Shops:
D:4 (   D:6 }   D:9 *

Annotations:
Lair:2 Sonja


Innate Abilities, Weirdness & Mutations

You are resistant to torment.
Your stone body is resilient. (AC +8)
You are immune to poison.
You resist negative energy. (rN+)
You are resistant to electric shocks. (rElec)
You can survive without breathing.
You are immune to petrification.
You are immune to rotting.


Message History

You bludgeon the tentacled starspawn!!
The tentacled starspawn is severely damaged.
The tentacled starspawn bites you but does no damage.
The tentacled starspawn completely misses you.
You hit the tentacled starspawn.
The tentacled starspawn is severely damaged.
The tentacled starspawn bites you.
* * * LOW HITPOINT WARNING * * *
The tentacled starspawn engulfs you but does no damage.
You hit the tentacled starspawn but do no damage.
The tentacled starspawn is severely damaged.
The tentacled starspawn barely misses you.
The tentacled starspawn engulfs you but does no damage.
You hit the tentacled starspawn but do no damage.
The tentacled starspawn is severely damaged.
The tentacled starspawn bites you!
* * * LOW HITPOINT WARNING * * *
The tentacled starspawn barely misses you.
The tentacled starspawn bites you!
You die...

#.## .#. .......
..... ...#.. #....
..... . #X.. ...#
#.# ##<## ##.## .
.. ###..\ ##...#
... ..
.#.>..\#....#...# .
.....RX@.......#
#..../#..........
..
##../###.........
#. ##<# ##.#......
.. ##...# ....... .
...#... #........ .
.....
............... .
..#.....#....#.....
...###...###..


You could see a tentacled starspawn, a rakshasa and a large abomination
(wandering).

Vanquished Creatures
  Erica (Lair:2)
  2 hydras (Lair:1)
  3 two-headed ogres (D:8)
  A thrashing horror (Abyss:2)
  A guardian serpent (Abyss:1)
  A black mamba (Lair:1)
  A spiny frog (Lair:1)
  4 starcursed masses (Abyss:1)
  3 komodo dragons (Lair:1)
  A hippogriff (D:8)
  A raiju (Abyss:1)
  8 yaks (Lair:1)
  2 wyverns
  A hungry ghost (D:5)
  2 vampire mosquitoes (Lair:1)
  6 water moccasins
  4 insubstantial wisps (Lair:1)
  2 porcupines (Lair:1)
  An ice beast (Abyss:2)
  3 sky beasts
  An eye of draining (D:8)
  5 orc warriors
  A necrophage (D:7)
  A phantom (D:8)
  2 centaurs
  A small abomination (Abyss:1)
  6 ogres
  2 crocodiles (Lair:1)
  2 big kobolds
  A wyvern zombie (D:9)
  2 bullfrogs
  A wyvern skeleton (D:7)
  A water moccasin skeleton (D:9)
  5 killer bees (D:9)
  4 wights (D:9)
  5 howler monkeys
  2 bullfrog zombies (D:7)
  4 crimson imps
  5 hounds
  4 orc priests
  A bullfrog skeleton (D:4)
  3 iguanas
  6 orc wizards
  11 worker ants
  A howler monkey zombie (D:5)
  Robin (D:4)
  10 adders
  2 adder skeletons
  3 worms
  4 dart slugs
  4 leopard geckos
  29 orcs
  2 ball pythons (D:3)
  10 bats
  2 giant cockroaches
  13 goblins
  4 hobgoblins
  15 jackals
  3 quokkas
  4 frilled lizards
  A jackal zombie (D:5)
  15 kobolds
  A quokka skeleton (D:4)
  2 rats
  3 fungi
  A plant (Lair:1)
254 creatures vanquished.

Vanquished Creatures (collateral kills)
  A sixfirhy (Abyss:1)
  A worldbinder (Abyss:1)
  A silent spectre (Abyss:1)
  A raiju (Abyss:1)
  A large abomination (Abyss:1)
5 creatures vanquished.

Vanquished Creatures (others)
  A sky beast (D:7)
  The ghost of Zerd the Magician, an amateur DEWz (D:3)
2 creatures vanquished.

Grand Total: 261 creatures vanquished

Notes
Turn   | Place    | Note
-------+----------+-------------------------------------------
     0 | D:1      | Baldric the Gargoyle Berserker began the quest for the Orb.
     0 | D:1      | Reached XP level 1. HP: 14/14 MP: 1/1
   111 | D:1      | Reached XP level 2. HP: 20/20 MP: 2/2
   599 | D:1      | Reached XP level 3. HP: 23/24 MP: 3/3
   986 | D:2      | Reached skill level 4 in Fighting
  1221 | D:2      | Reached ** piety under Trog
  1289 | D:2      | You fall through a shaft!
  1291 | D:3      | Noticed Zerd's ghost (amateur DEWz)
  1337 | D:3      | Reached XP level 4. HP: 29/29 MP: 4/4
  1559 | D:3      | Killed Zerd's ghost
  1559 | D:3      | Reached XP level 5. HP: 34/34 MP: 5/5
  2015 | D:4      | Found a sacrificial altar of Ru.
  2064 | D:4      | Reached skill level 1 in Stealth
  2084 | D:4      | Reached XP level 6. HP: 39/39 MP: 6/6
  2236 | D:4      | Noticed Robin
  2254 | D:4      | Killed Robin
  2262 | D:4      | Reached *** piety under Trog
  2339 | D:4      | Reached skill level 5 in Maces & Flails
  2379 | D:4      | Found Hiss's Antique Weapon Shop.
  2437 | D:4      | Found a glowing silver altar of Zin.
  2479 | D:4      | Reached skill level 5 in Fighting
  2479 | D:4      | Reached XP level 7. HP: 44/44 MP: 7/7
  2669 | D:4      | Found a stormy altar of Qazlal.
  2669 | D:4      | Found a glowing golden altar of the Shining One.
  2708 | D:5      | Entered Level 5 of the Dungeon
  2796 | D:5      | Found a hide-covered altar of Uskayaw.
  3183 | D:5      | Noticed a hungry ghost
  3194 | D:5      | Killed a hungry ghost
  3299 | D:5      | Reached XP level 8. HP: 42/50 MP: 8/8
  3307 | D:5      | Found a basalt altar of Yredelemnul.
  3307 | D:5      | Found an opulent altar of Gozag.
  3604 | D:6      | Got a slimy chain mail
  3615 | D:6      | Identified the +8 chain mail of Edu Xorgh {rElec rC+++ MR- Str+2} (You found it on level 6 of the Dungeon)
  3662 | D:6      | Received a gift from Trog
  3665 | D:6      | Reached skill level 6 in Fighting
  3774 | D:6      | Found Biuguel's Quality Used Wands.
  4017 | D:6      | Found a hazy altar of Hepliaklqana.
  4351 | D:7      | Reached **** piety under Trog
  4351 | D:7      | Reached XP level 9. HP: 56/56 MP: 9/9
  4374 | D:7      | Found a staircase to the Ecumenical Temple.
  4507 | D:7      | Reached skill level 5 in Armour
  4798 | D:7      | Got a pitted shield
  5043 | D:7      | Found a radiant altar of Vehumet.
  5357 | D:8      | Reached skill level 7 in Fighting
  5371 | D:8      | Noticed a two-headed ogre
  5378 | D:8      | Noticed a two-headed ogre
  5385 | D:8      | Killed a two-headed ogre
  5385 | D:8      | Reached skill level 8 in Fighting
  5385 | D:8      | Reached XP level 10. HP: 64/64 MP: 10/10
  5390 | D:8      | Killed a two-headed ogre
  5390 | D:8      | Reached skill level 5 in Dodging
  5569 | D:8      | Identified the +8 shield "Ecaethol" {*Corrode MR+ MP+9 Int+3} (You found it on level 7 of the Dungeon)
  5611 | D:8      | Noticed a two-headed ogre
  5637 | D:8      | Killed a two-headed ogre
  5637 | D:8      | Reached skill level 9 in Fighting
  5655 | D:8      | Reached ***** piety under Trog
  5857 | D:8      | Reached skill level 10 in Maces & Flails
  5867 | D:8      | Found a blossoming altar of Fedhas.
  6416 | D:8      | Found a burning altar of Makhleb.
  6557 | D:9      | Found an ancient bone altar of Kikubaaqudgha.
  6700 | D:9      | Found a shattered altar of Ashenzari.
  6774 | D:9      | Found Cir Jir's General Store.
  6779 | D:9      | Bought a scroll of identify for 26 gold pieces
  6779 | D:9      | Bought a scroll of enchant armour for 97 gold pieces
  6869 | D:9      | Found a staircase to the Lair.
  7054 | D:9      | Found a white marble altar of Elyvilon.
  7407 | D:9      | Reached skill level 10 in Fighting
  7472 | Lair:1   | Entered Level 1 of the Lair of Beasts
  7507 | Lair:1   | Reached XP level 11. HP: 32/72 MP: 11/11
  8382 | Lair:1   | Noticed a five-headed hydra
  8398 | Lair:1   | Killed a five-headed hydra
  8398 | Lair:1   | Reached skill level 11 in Fighting
  8700 | Lair:1   | Noticed a four-headed hydra
  8713 | Lair:1   | Killed a four-headed hydra
  9003 | Lair:1   | Received a gift from Trog
  9410 | Lair:2   | Noticed Sonja
  9411 | Lair:2   | Noticed Erica
  9426 | Lair:2   | Killed Erica
  9436 | Lair:2   | Cast into level 1 of the Abyss (Sonja)
  9477 | Abyss:1  | Noticed a starcursed mass
  9516 | Abyss:1  | Killed a starcursed mass
  9516 | Abyss:1  | Reached XP level 12. HP: 57/81 MP: 12/12
  9518 | Abyss:1  | Killed a starcursed mass
  9647 | Abyss:1  | Noticed a naga warrior
  9649 | Abyss:1  | Reached skill level 12 in Fighting
  9652 | Abyss:1  | Noticed a naga warrior
  9669 | Abyss:1  | HP: 4/81 [raiju (3)]
  9717 | Abyss:1  | Found a corrupted altar of Lugonu.
  9875 | Abyss:2  | Noticed a thrashing horror
  9882 | Abyss:2  | Noticed a rakshasa
  9890 | Abyss:2  | Noticed a tentacled starspawn
  9894 | Abyss:2  | Killed a thrashing horror
  9908 | Abyss:2  | Slain by a tentacled starspawn

Skill      XL: |  1  2  3  4  5  6  7  8  9 10 11 12 |
---------------+-------------------------------------+-----
Fighting       | 4 5 6 8 10 11 12 | 12.2
Dodging        | 2 3 4 6 7 8 |  8.1
Maces & Flails | 4 5 6 8 9 10 11 | 11.0
Stealth        | 1 |  1.9
Armour         | 3 4 6 7 8 9 |  9.1

Action                   |  1- 3 |  4- 6 |  7- 9 | 10-12 || total
-------------------------+-------+-------+-------+-------++-------
Melee: Mace              |    98 |   166 |    48 |   156 ||   468
       Flail             |       |    48 |   317 |   436 ||   801
Invok: Burn Spellbooks   |     1 |     1 |       |     3 ||     5
       Trog's Hand       |       |     1 |     1 |     1 ||     3
       Berserk           |       |       |     5 |     7 ||    12
       Brothers in Arms  |       |       |       |     4 ||     4
Evoke: Wand              |       |       |       |     8 ||     8
  Use: Scroll            |     2 |     6 |    10 |    16 ||    34
       Potion            |       |       |     2 |     6 ||     8
 Stab: Invisible         |       |     1 |       |       ||     1
  Eat: Meat ration       |     1 |       |     3 |     1 ||     5
       Fruit             |       |     2 |       |       ||     2
       Bread ration      |       |     1 |     2 |       ||     3
       Chunk             |       |       |       |    19 ||    19
Armor: Animal skin       |    35 |       |       |       ||    35
       Ring mail         |    16 |   102 |   103 |       ||   221
       Chain mail        |       |       |   168 |   421 ||   589
Dodge: Dodged            |    65 |   105 |   208 |   354 ||   732
